AoeStats
← declanjh

Arabia

508502115Analyzed
1v1 RM · 9d ago on Sep 22, 2026· 54m 23s· 2 players
Game mode
Random Map
Map size
Tiny (2 player)
Population
200
Speed
Normal
Resources
Standard
Victory
Conquest
Starting age
Dark Age
Ending age
Imperial Age
RankedLock teamsTeams togetherTeam positionsShared explorationLock speedFull tech treeHidden civsTurbo modeCheats
Victory
Defeat
🇩🇪 Teutons · Germany
506
+13
🇬🇧 Georgians · United Kingdom
445
-13
That_Rat_Bastrd
11:48 Feudal Age
10:58 Loom
12:38 Double-Bit Axe
12:44 Gold Mining
12:45 Stone Mining
12:37 Horse Collar
16:18 Wheelbarrow
17:54 Town Watch
19:38 Man-at-Arms
20:51 Scale Barding Armor
20:48 Scale Mail Armor
22:10 Fletching
22:32 Forging
26:22 Castle Age
26:25 Long Swordsman
26:50 Gambesons
27:08 Squires
26:53 Arson
26:30 Pikeman
28:55 Chain Barding Armor
28:56 Chain Mail Armor
29:17 Iron Casting
29:28 Bow Saw
29:39 Heavy Plow
32:55 Husbandry
33:33 Bloodlines
34:10 Padded Archer Armor
34:06 Bodkin Arrow
35:21 Crossbowman
36:27 Hand Cart
37:24 Svan Towers
45:33 Chain Barding Armor
declanjh
9:27 Loom
11:44 Feudal Age
13:17 Double-Bit Axe
15:11 Horse Collar
23:10 Castle Age
23:51 Stone Mining
23:52 Gold Mining
30:03 Pikeman
30:59 Forging
30:50 Scale Mail Armor
35:22 Imperial Age
34:23 Heavy Plow
36:32 Elite Teutonic Knight
38:50 Wheelbarrow
40:54 Chain Mail Armor
41:15 Iron Casting
40:30 Town Watch
48:09 Halberdier
50:32 Plate Mail Armor
Connection lost

Rejoining the realm…

Still unreachable

The connection could not be restored.

Session expired

The server has moved on; the page needs a fresh start.